cohdb
Replays
Latest Replays
All Replays
Popular Replays
Top Player Replays
Match Explorer
How It Works
Community
CoH3 Stats
Reddit
Sign in to upload your games and track your stats! →
Sign in with Steam
Match 25391250
Unlisted
Match 25391250
Overview
Messages
Build Orders
End
Construct Infanterie Kompanie
Selects Mechanized Battlegroup
Grenadier Squad
MG 42 Machine Gun Team
GrW 34 Mortar Team
Grenadier Squad
Construct Luftwaffe Kompanie
Selects Raid Package
Flak 30 Anti-aircraft Gun Team
Flak 30 Anti-aircraft Gun Team
Construct Panzergrenadier Kompanie
Selects 8 Rad Armored Car
251 Medium Carrier
Selects Mobile Repair Stations
AS R
369
Skyline
Tzeh
Eber
Piros
0
0
Comments
sign in to comment!
No comments posted yet!